PCL
LAS VEGAS STARS @ CALGARY COWBOYS
08/13/2025
 
TOP OF THE 1ST
Las Vegas Stars batting - Pitching for Calgary Cowboys : LHP Jim Sheppard
Pitching: LHP Jim Sheppard
Batting: RHB Richard Coker 0-0: Swinging Strike
0-1: Ball
1-1: Called Strike
1-2: Foul Ball, location: 2F
1-2: Strikes out swinging
Batting: RHB Ron Shelton 0-0: Fly out, F8 (Flyball, 8RD)
Batting: SHB Sloan James 0-0: Ball
1-0: Ball
2-0: Called Strike
2-1: Ball
3-1: Foul Ball, location: 2F
3-2: Foul Ball, location: 2F
3-2: Foul Ball, location: 2F
3-2: Foul Ball, location: 2F
3-2: Strikes out swinging
Top of the 1st over - 0 run(s), 0 hit(s), 0 error(s), 0 left on base; Las Vegas 0 - Calgary 0
BOTTOM OF THE 1ST
Calgary Cowboys batting - Pitching for Las Vegas Stars : RHP Ramón Pérez
Pitching: RHP Ramón Pérez
Batting: RHB Clark Hodge 0-0: Foul Ball, location: 2F
0-1: Ball
1-1: Fly out, F8 (Flyball, 8RD)
Batting: RHB Jorge Balencia 0-0: Called Strike
0-1: Ground out 1-3 (Groundball, 2L)
Batting: LHB Terry Maloney 0-0: Ball
1-0: Ground out 5-3 (Groundball, 56S)
Bottom of the 1st over - 0 run(s), 0 hit(s), 0 error(s), 0 left on base; Las Vegas 0 - Calgary 0
TOP OF THE 2ND
Las Vegas Stars batting - Pitching for Calgary Cowboys : LHP Jim Sheppard
Batting: RHB William Richardson 0-0: Ball
1-0: SINGLE (Groundball, 4MD)
Batting: SHB Alexandre Chabot 0-0: Ball
1-0: Foul Ball, location: 2F
1-1: Foul Ball, location: 2F
1-2: Fly out, F6 (Popup, 6S)
Batting: RHB Xin Zhang 0-0: Ball
1-0: Ball
2-0: Ball
Pickoff Throw to First - Out!
3-0: Base on Balls
Batting: LHB Mike Mitchell 0-0: Called Strike
0-1: Ball
1-1: SINGLE (Groundball, 34D)
Xin Zhang to second
Runner from 2nd tries for 3rd, SAFE, throw made to third
Batting: RHB Hyo-sang Yu 0-0: Ball
1-0: Foul Ball, location: 2F
1-1: Ground out 6-3 (Groundball, 6)
Top of the 2nd over - 0 run(s), 2 hit(s), 0 error(s), 2 left on base; Las Vegas 0 - Calgary 0
BOTTOM OF THE 2ND
Calgary Cowboys batting - Pitching for Las Vegas Stars : RHP Ramón Pérez
Batting: LHB Miguel Pérez 0-0: Ball
1-0: Ball
2-0: Called Strike
2-1: Foul Ball, location: 2F
2-2: Strikes out swinging
Batting: RHB Shayne Burry 0-0: Swinging Strike
0-1: SINGLE (Groundball, 6D)
Batting: LHB Freddy Herrera 0-0: Called Strike
0-1: Foul Ball, location: 2F
0-2: Strikes out looking
Batting: RHB Tom Yarbrough 0-0: Ground out 5-3 (Groundball, 56)
Bottom of the 2nd over - 0 run(s), 1 hit(s), 0 error(s), 1 left on base; Las Vegas 0 - Calgary 0
TOP OF THE 3RD
Las Vegas Stars batting - Pitching for Calgary Cowboys : LHP Jim Sheppard
Batting: RHB Kyle Bacon 0-0: Called Strike
0-1: Fly out, F7 (Flyball, 7S)
Batting: RHB Richard Coker 0-0: Called Strike
0-1: Ball
1-1: DOUBLE (Line Drive, 78M)
Batting: RHB Ron Shelton 0-0: Ground out 5-3 (Groundball, 5L)
Batting: SHB Sloan James 0-0: Swinging Strike
0-1: Ground out 6-3 (Groundball, 6)
Top of the 3rd over - 0 run(s), 1 hit(s), 0 error(s), 1 left on base; Las Vegas 0 - Calgary 0
BOTTOM OF THE 3RD
Calgary Cowboys batting - Pitching for Las Vegas Stars : RHP Ramón Pérez
Batting: RHB Mike Wilcox 0-0: Called Strike
0-1: DOUBLE (Groundball, 5L)
Batting: RHB Mario Sánchez 0-0: Foul Ball, location: 2F
0-1: Foul Ball, location: 2F
0-2: SINGLE (Line Drive, 8RS)
Mike Wilcox to third
Runner from 3rd tries for Home, SAFE, no throw or cutoff
Batting: RHB Clark Hodge 0-0: Ball
1-0: Foul Ball, location: 2F
1-1: Called Strike
1-2: Foul Ball, location: 2F
1-2: DOUBLE (Line Drive, 9LM)
Mario Sánchez to third
Batting: RHB Jorge Balencia 0-0: Called Strike
0-1: Fly out, F9 (Flyball, 9M)
Runner from 3rd tags up, SCORES, no throw
Batting: LHB Terry Maloney 0-0: Ball
1-0: Ground out 2-3 (Groundball, 15S)
Clark Hodge to third
Batting: LHB Miguel Pérez 0-0: Called Strike
0-1: Ball
1-1: Ball
2-1: Ball
3-1: Ground out 5-3 (Groundball, 5)
Bottom of the 3rd over - 2 run(s), 3 hit(s), 0 error(s), 1 left on base; Las Vegas 0 - Calgary 2
TOP OF THE 4TH
Las Vegas Stars batting - Pitching for Calgary Cowboys : LHP Jim Sheppard
Batting: RHB William Richardson 0-0: Foul Ball, location: 2F
0-1: Ball
1-1: Foul Ball, location: 2F
1-2: Fly out, F8 (Flyball, 78M)
Batting: SHB Alexandre Chabot 0-0: Foul Ball, location: 2F
0-1: Ground out 6-3 (Groundball, 56)
Batting: RHB Xin Zhang 0-0: Called Strike
0-1: Ball
1-1: Swinging Strike
1-2: Ball
2-2: Foul Ball, location: 2F
2-2: Ball
3-2: Foul Ball, location: 2F
3-2: Ground out 5-3 (Groundball, 56)
Top of the 4th over - 0 run(s), 0 hit(s), 0 error(s), 0 left on base; Las Vegas 0 - Calgary 2
BOTTOM OF THE 4TH
Calgary Cowboys batting - Pitching for Las Vegas Stars : RHP Ramón Pérez
Batting: RHB Shayne Burry 0-0: Foul Ball, location: 2F
0-1: Called Strike
0-2: Ball
1-2: SINGLE (Groundball, 6D)
Batting: LHB Freddy Herrera 0-0: Called Strike
0-1: Ball
1-1: Ball
2-1: Ball
3-1: Foul Ball, location: 2F
3-2: DOUBLE (Groundball, 5L)
Shayne Burry to third
Batting: RHB Tom Yarbrough 0-0: Called Strike
0-1: Ball
1-1: Swinging Strike
1-2: Foul Ball, location: 2F
1-2: Strikes out swinging
Batting: RHB Mike Wilcox 0-0: Called Strike
0-1: Called Strike
0-2: Ball
1-2: Strikes out swinging
Batting: RHB Mario Sánchez 0-0: Fly out, F8 (Flyball, 8RM)
Bottom of the 4th over - 0 run(s), 2 hit(s), 0 error(s), 2 left on base; Las Vegas 0 - Calgary 2
TOP OF THE 5TH
Las Vegas Stars batting - Pitching for Calgary Cowboys : LHP Jim Sheppard
Batting: LHB Mike Mitchell 0-0: Ball
1-0: Called Strike
1-1: Ball
2-1: Ground out 5-3 (Groundball, 5S)
Batting: RHB Hyo-sang Yu 0-0: Called Strike
0-1: Ball
1-1: Ball
2-1: Ball
3-1: Called Strike
3-2: Foul Ball, location: 2F
3-2: Ground out 4-3 (Groundball, 4)
Batting: RHB Kyle Bacon 0-0: Called Strike
0-1: Swinging Strike
0-2: Strikes out swinging
Top of the 5th over - 0 run(s), 0 hit(s), 0 error(s), 0 left on base; Las Vegas 0 - Calgary 2
BOTTOM OF THE 5TH
Calgary Cowboys batting - Pitching for Las Vegas Stars : RHP Ramón Pérez
Batting: RHB Clark Hodge 0-0: Called Strike
0-1: Foul Ball, location: 2F
0-2: Foul Ball, location: 2F
0-2: Ball
1-2: Ball
2-2: Ball
3-2: Foul Ball, location: 2F
3-2: Foul Ball, location: 2F
3-2: Fly out, F9 (Flyball, 9LM)
Batting: RHB Jorge Balencia 0-0: Ground out U3 (Groundball, 3S)
Batting: LHB Terry Maloney 0-0: Called Strike
0-1: Ball
1-1: Swinging Strike
1-2: Ball
2-2: SINGLE (Groundball, 6)
Batting: LHB Miguel Pérez 0-0: Called Strike
0-1: Called Strike
0-2: Ball
1-2: Foul Ball, location: 2F
1-2: Strikes out swinging
Bottom of the 5th over - 0 run(s), 1 hit(s), 0 error(s), 1 left on base; Las Vegas 0 - Calgary 2
TOP OF THE 6TH
Las Vegas Stars batting - Pitching for Calgary Cowboys : LHP Jim Sheppard
Batting: RHB Richard Coker 0-0: Fly out, F8 (Flyball, 8RS)
Batting: RHB Ron Shelton 0-0: Called Strike
0-1: Ball
1-1: Ball
2-1: Foul Ball, location: 2F
2-2: DOUBLE (Line Drive, 5D)
Batting: SHB Sloan James 0-0: Called Strike
0-1: SINGLE (Line Drive, 4D)
Ron Shelton to third
Runner from 3rd tries for Home, SAFE, throw made home
Batting: RHB William Richardson 0-0: Ball
1-0: Ball
2-0: Foul Ball, location: 2F
2-1: Ball
3-1: Base on Balls
Sloan James to second
Batting: SHB Alexandre Chabot 0-0: Ball
1-0: Ball
2-0: Foul Ball, location: 2F
2-1: Foul Ball, location: 2F
2-2: Foul Ball, location: 2F
2-2: SINGLE (Groundball, 56D)
Sloan James to third
William Richardson to second
Runner from 3rd tries for Home, SAFE, throw made home
William Richardson to third
Alexandre Chabot to second
Batting: RHB Xin Zhang 0-0: Intentional Walk
Batting: LHB Mike Mitchell 0-0: Fly out, F9 (Flyball, 89M)
Runner from 3rd tags up, SCORES, no throw
Batting: RHB Hyo-sang Yu 0-0: Called Strike
0-1: Fly out, F9 (Popup, 9LS)
Top of the 6th over - 3 run(s), 3 hit(s), 0 error(s), 2 left on base; Las Vegas 3 - Calgary 2
BOTTOM OF THE 6TH
Calgary Cowboys batting - Pitching for Las Vegas Stars : RHP Ramón Pérez
Batting: RHB Shayne Burry 0-0: Ball
1-0: Ground out 5-3 (Groundball, 5)
Batting: LHB Freddy Herrera 0-0: Ball
1-0: Bunt missed!
1-1: Called Strike
1-2: Reached on error, E1 (Groundball, 15S)
Batting: RHB Tom Yarbrough 0-0: Foul Ball, location: 2F
0-1: Ground out 4-3 (Groundball, 4)
Freddy Herrera to third
Batting: RHB Mike Wilcox 0-0: SINGLE (Groundball, 13) (infield hit)
Freddy Herrera scores
Batting: RHB Mario Sánchez 0-0: Foul Ball, location: 2F
0-1: Ball
1-1: Called Strike
1-2: SINGLE (Groundball, 5D)
Mike Wilcox to second
Batting: RHB Clark Hodge 0-0: Ball
1-0: Ball
2-0: Fly out, F5 (Popup, 5SF)
Bottom of the 6th over - 1 run(s), 2 hit(s), 1 error(s), 2 left on base; Las Vegas 3 - Calgary 3
TOP OF THE 7TH
Las Vegas Stars batting - Pitching for Calgary Cowboys : LHP Jim Sheppard
Pitching: RHP Eric Bell
Batting: RHB Kyle Bacon 0-0: Fly out, F8 (Flyball, 8RS)
Batting: RHB Richard Coker 0-0: Ball
1-0: Called Strike
1-1: Ground out 3-1 (Groundball, 34)
Batting: RHB Ron Shelton 0-0: Called Strike
0-1: Ball
1-1: SINGLE (Line Drive, 4MD)
Batting: SHB Sloan James 0-0: Called Strike
0-1: Ball
1-1: Ball
2-1: Called Strike
2-2: Foul Ball, location: 2F
2-2: Strikes out swinging
Top of the 7th over - 0 run(s), 1 hit(s), 0 error(s), 1 left on base; Las Vegas 3 - Calgary 3
BOTTOM OF THE 7TH
Calgary Cowboys batting - Pitching for Las Vegas Stars : RHP Ramón Pérez
Batting: RHB Jorge Balencia 0-0: Called Strike
0-1: Ground out 6-3 (Groundball, 6)
Batting: LHB Terry Maloney 0-0: Ball
1-0: Foul Ball, location: 2F
1-1: Ball
2-1: Ground out 4-3 (Groundball, 4)
Batting: LHB Miguel Pérez 0-0: Foul Ball, location: 2F
0-1: Foul Ball, location: 2F
0-2: Ball
1-2: Foul Ball, location: 2F
1-2: SINGLE (Line Drive, 7S)
Pitching: LHP Jeff Catron
Batting: RHB Shayne Burry 0-0: Ball
1-0: SINGLE (Flyball, 6MD)
Miguel Pérez to second
Pinch Hitting: RHB Jesús Hernández 0-0: Swinging Strike
0-1: SINGLE (Groundball, 56D)
Miguel Pérez to third
Shayne Burry to second
Runner from 3rd tries for Home, SAFE, throw made home
Pinch Hitting: RHB Ramón Martínez 0-0: Swinging Strike
0-1: Ball
1-1: Ball
2-1: Ball
3-1: Reached on error, E6 (Groundball, 6)
Shayne Burry to third
Jesús Hernández to second
Batting: RHB Mike Wilcox 0-0: Foul Ball, location: 2F
0-1: Foul Ball, location: 2F
0-2: Ball
1-2: Foul Ball, location: 2F
1-2: Strikes out looking
Bottom of the 7th over - 1 run(s), 3 hit(s), 1 error(s), 3 left on base; Las Vegas 3 - Calgary 4
TOP OF THE 8TH
Las Vegas Stars batting - Pitching for Calgary Cowboys : RHP Eric Bell
Pitching: RHP Esteban Castro
Now at 3B: Ramón Martínez
Now at SS: Jesús Hernández
Batting: RHB William Richardson 0-0: Called Strike
0-1: Ground out 6-3 (Groundball, 6M)
Batting: SHB Alexandre Chabot 0-0: Fly out, F7 (Flyball, 8LD)
Batting: RHB Xin Zhang 0-0: Ball
1-0: Called Strike
1-1: Ball
2-1: Ball
3-1: Base on Balls
Pitching: LHP Boboy Ambay
Pinch Hitting: RHB Matthieu Vancini 0-0: Ball
1-0: Ball
2-0: Ball
3-0: Base on Balls
Xin Zhang to second
Pitching: RHP Mitsunari Jouda
Batting: RHB Hyo-sang Yu 0-0: Called Strike
0-1: Ball
1-1: Ball
2-1: Ball
3-1: Base on Balls
Xin Zhang to third
Matthieu Vancini to second
Batting: RHB Kyle Bacon 0-0: Called Strike
0-1: Ball
1-1: Ground out 5-3 (Groundball, 15S)
Top of the 8th over - 0 run(s), 0 hit(s), 0 error(s), 3 left on base; Las Vegas 3 - Calgary 4
BOTTOM OF THE 8TH
Calgary Cowboys batting - Pitching for Las Vegas Stars : LHP Jeff Catron
Now in RF: Matthieu Vancini
Batting: RHB Mario Sánchez 0-0: Called Strike
0-1: Ball
1-1: Ground out 4-3 (Groundball, 4)
Batting: RHB Clark Hodge 0-0: Ball
1-0: Foul Ball, location: 2F
1-1: Ball
2-1: Called Strike
2-2: Strikes out looking
Batting: RHB Jorge Balencia 0-0: Ball
1-0: Ball
2-0: Ball
3-0: Called Strike
3-1: Swinging Strike
3-2: Ground out 5-3 (Groundball, 56)
Bottom of the 8th over - 0 run(s), 0 hit(s), 0 error(s), 0 left on base; Las Vegas 3 - Calgary 4
TOP OF THE 9TH
Las Vegas Stars batting - Pitching for Calgary Cowboys : RHP Mitsunari Jouda
Pitching: RHP Tatsuzo Harada
Now at 1B: Iain Liefting
Batting: RHB Richard Coker 0-0: Foul Ball, location: 2F
0-1: Ball
1-1: Foul Ball, location: 2F
1-2: Ball
2-2: Strikes out looking
Batting: RHB Ron Shelton 0-0: Foul Ball, location: 2F
0-1: Ball
1-1: Called Strike
1-2: Ball
2-2: Ball
3-2: Base on Balls
Batting: SHB Sloan James 0-0: Foul Ball, location: 2F
0-1: Ball
1-1: Ball
2-1: Ball
3-1: Base on Balls
Ron Shelton to second
Batting: RHB William Richardson 0-0: Foul Ball, location: 2F
0-1: Ball
1-1: Swinging Strike
1-2: Ball
2-2: Foul Ball, location: 2F
2-2: Hit by Pitch
Ron Shelton to third
Sloan James to second
Batting: SHB Alexandre Chabot 0-0: Called Strike
0-1: Foul Ball, location: 2F
0-2: Ball
1-2: Ball
2-2: Foul Ball, location: 2F
2-2: Strikes out swinging
Batting: RHB Xin Zhang 0-0: Ball
1-0: Swinging Strike
1-1: Called Strike
1-2: DOUBLE (Flyball, 9LD)
Ron Shelton scores
Sloan James scores
William Richardson to third
Runner from 3rd tries for Home, SAFE, no throw or cutoff
Pitching: RHP Lorenzo Montáńez
Batting: RHB Matthieu Vancini 0-0: Ball
1-0: Ball
2-0: Ball
3-0: Base on Balls
Pinch Hitting: LHB Jerry Ritchie 0-0: Ball
1-0: Called Strike
1-1: Called Strike
1-2: Ground out 4-3 (Groundball, 4)
Top of the 9th over - 3 run(s), 1 hit(s), 0 error(s), 2 left on base; Las Vegas 6 - Calgary 4
BOTTOM OF THE 9TH
Calgary Cowboys batting - Pitching for Las Vegas Stars : LHP Jeff Catron
Pitching: RHP Mike Drader
Now at SS: Fernando De La Cruz
Batting: LHB Terry Maloney 0-0: Ball
1-0: Foul Ball, location: 2F
1-1: Fly out, F4 (Popup, 3D)
Batting: LHB Miguel Pérez 0-0: Ball
1-0: SINGLE (Groundball, 56D)
Batting: RHB Shayne Burry 0-0: Swinging Strike
0-1: Ball
1-1: Ball
2-1: Swinging Strike
2-2: Strikes out looking
Batting: RHB Jesús Hernández 0-0: Ball
1-0: Fly out, F7 (Flyball, 78M)
Bottom of the 9th over - 0 run(s), 1 hit(s), 0 error(s), 1 left on base; Las Vegas 6 - Calgary 4
This league is powered by Out of the Park Baseball, the baseball management simulation game for PC, Mac and Linux
Tuesday, August 2nd, 2016 - OOTP Baseball 16.8 Build 38